 Dungeon Crawl Stone Soup version 0.19-a0-1676-g39ae8cc (webtiles) character file.

46571 Lochraine the Cleaver (level 14, -4/73 HPs)
             Began as a Formicid Abyssal Knight on Sept 21, 2016.
             Was an Elder of Lugonu.
             Slain by a tengu warrior
             ... wielding a +0 halberd
             ... led by a tengu conjurer
              (7 damage)
             ... on level 13 of the Dungeon on Sept 23, 2016.
             The game lasted 02:14:36 (21381 turns).

Lochraine the Cleaver (Formicid Abyssal Knight)    Turns: 21381, Time: 02:14:37

Health: -4/73      AC: 10    Str: 21      XL:     14   Next: 77%
Magic:  12/16      EV: 18    Int: 13      God:    Lugonu [****..]
Gold:   877        SH: 11    Dex:  6 (8)  Spells: 1 memorised, 16 levels left

rFire  . . .     SeeInvis +     a - +3 battleaxe (distort)
rCold  . . .     Gourm    .     O - +0 swamp dragon armour
rNeg   . . .     Faith    .     K - +0 shield "Dosashr Taps" {rPois Str+3}
rPois  +         Spirit   .     (helmet unavailable)
rElec  .         Dismiss  .     (no cloak)
rCorr  .         Reflect  .     n - +2 pair of gloves
MR     +....     Harm     .     (no boots)
Stlth  ..........               (no amulet)
                                T - +3 ring of strength
                                r - +5 ring of evasion

@: no status effects
A: permanent stasis, dig shafts and tunnels, four strong arms, antennae 3,
clumsy 2, deformed body, deterioration 2, frail 3, low mp 2, screaming 2, weak
2, MP-powered wands
a: Dig, Shaft Self, Depart the Abyss, Bend Space, Banish, Corrupt, Renounce
Religion


You were on level 13 of the Dungeon.
You worshipped Lugonu.
Lugonu was greatly pleased with you.
You were near starving.

You visited 2 branches of the dungeon, and saw 19 of its levels.
You visited the Abyss 2 times.

You collected 1413 gold pieces.
You spent 536 gold pieces at shops.

Inventory:

Hand Weapons
 a - a +3 battleaxe of distortion (weapon)
 b - a +0 arbalest
 t - a +4 battleaxe
Missiles
 w - 35 bolts
Armour
 n - a +2 pair of gloves (worn)
 u - a +2 plate armour of poison resistance
 K - the +0 shield "Dosashr Taps" (worn) {rPois Str+3}
   (You bought it in a shop on level 9 of the Dungeon)

   It affects your strength (+3).
   It protects you from poison.
 O - a +0 swamp dragon armour (worn)
 X - a +2 ring mail of fire resistance
Jewellery
 r - a +5 ring of evasion (left hand)
 x - an uncursed ring of fire {unknown}
 P - an uncursed ring of stealth
 R - a +2 ring of strength
 T - a +3 ring of strength (right hand)
Wands
 e - a wand of lightning (0/15)
 g - a wand of enslavement (10/24)
 i - a wand of polymorph (0/24)
 q - a wand of flame (8/48)
 v - a wand of confusion (27/48)
 y - a wand of disintegration (13/24)
 E - a wand of iceblast (0/15)
 F - a wand of digging (7/24)
 H - a wand of flame (24/48)
 J - a wand of heal wounds (0/9)
Scrolls
 j - a scroll of fear
 k - 9 scrolls of identify
 B - a scroll of magic mapping
 G - 13 scrolls of remove curse
 I - a scroll of recharging
 L - a scroll of fog
 M - 7 scrolls of amnesia
Potions
 d - a potion of cure mutation
 h - a potion of cancellation
 l - 3 potions of brilliance
 o - a potion of haste
 z - 4 potions of lignification
 C - a potion of flight {unknown}
 N - 2 potions of magic
 U - 2 potions of mutation
 Y - a potion of curing
Books
 p - a book of Necromancy

   Spells                             Type                      Level
   a - Pain                           Necromancy                   1
   b - Animate Skeleton               Necromancy                   1
   c - Vampiric Draining              Necromancy                   3
   d - Regeneration                   Charms/Necromancy            3
   e - Animate Dead                   Necromancy                   4
   f - Control Undead                 Necromancy                   4
 s - a book of the Dragon

   Spells                             Type                      Level
   a - Flame Tongue                   Conjuration/Fire             1
   b - Cause Fear                     Hexes                        4
   c - Bolt of Fire                   Conjuration/Fire             6
   d - Dragon Form                    Transmutation                7
   e - Dragon's Call                  Summoning                    9
 D - a book of Alchemy

   Spells                             Type                      Level
   a - Sublimation of Blood           Necromancy                   2
   b - Ignite Poison                  Fire/Transmutation/Poison    3
   c - Petrify                        Transmutation/Earth          4
   d - Alistair's Intoxication        Transmutation/Poison         5
   e - Irradiate                      Conjuration/Transmutation    5
 V - a Necronomicon

   Spells                             Type                      Level
   a - Haunt                          Necromancy/Summoning         7
   b - Borgnjor's Revivification      Necromancy                   8
   c - Death's Door                   Charms/Necromancy            8
   d - Infestation                    Necromancy                   8
   e - Necromutation                  Transmutation/Necromancy     8
 Z - a book of the Earth

   Spells                             Type                      Level
   a - Leda's Liquefaction            Hexes/Earth                  4
   b - Bolt of Magma                  Conjuration/Fire/Earth       5
   c - Statue Form                    Transmutation/Earth          6
   d - Iron Shot                      Conjuration/Earth            6
   e - Shatter                        Earth                        9
Miscellaneous
 Q - a phial of floods (inert)
Comestibles
 c - 12 bread rations
 m - 42 fruits
 S - 15 meat rations
 W - 5 slices of pizza


   Skills:
 - Level 8.3 Fighting
 - Level 13.3 Axes
 + Level 4.5 Crossbows
 - Level 11.5 Armour
 - Level 8.2 Dodging
 - Level 9.1 Shields
 - Level 2.1 Spellcasting
 - Level 4.6 Necromancy
 - Level 9.6 Invocations
 - Level 6.6 Evocations


You had 16 spell levels left.
You knew the following spells:

 Your Spells              Type           Power        Failure   Level  Hunger
a - Animate Skeleton      Necr           N/A          8%          1    ##.....


Dungeon Overview and Level Annotations

Branches:
Dungeon (13/15)            Temple (0/1) D:4            Lair (6/6) D:9
 Shoals (0/4) Lair:2       Spider (0/4) Lair:4        Slime (0/5) Lair:6
    Orc (0/2) D:10         Vaults (0/5) D:13

Altars:
Cheibriados
Okawaru
Qazlal
Uskayaw
Vehumet
The Shining One
Jiyva

Shops:
D:9 [

Annotations:
D:6 corrupted
Lair:6 corrupted
Abyss:1 Snorg


Innate Abilities, Weirdness & Mutations

You are under a permanent stasis effect.
You can dig through walls and to a lower floor.
Your four strong arms can wield two-handed weapons with a shield.
You have a pair of large antennae on your head. (SInv)
[You are very clumsy. (Dex -4)]
[Armour fits poorly on your strangely shaped body.]
[Your body often deteriorates upon taking damage.]
[You are extremely frail. (-30% HP)]
[Your magical capacity is very low. (-20% MP)]
[You sometimes yell uncontrollably at your foes.]
[You are very weak. (Str -4)]
[You expend magic power (3 MP) to strengthen your wands.]


Message History

* * * LOW HITPOINT WARNING * * *
The tengu warrior pecks you.
* * * LOW HITPOINT WARNING * * *
The tengu warrior claws you.
* * * LOW HITPOINT WARNING * * *
You feel better.
You feel less invigorated.
The tengu warrior hits you with a halberd!
* * * LOW HITPOINT WARNING * * *
Your body deteriorates!
You feel clumsy.
The tengu warrior pecks you but does no damage.
The tengu warrior closely misses you.
A boggart comes into view.
Found a stone staircase leading down.
Evoke which item? (* to show all) (? for menu, Esc to quit)
Okay, then.
Press: ? - help, Shift-Dir - straight line, f - tengu warrior
Aim: a tengu warrior, wielding a halberd and wearing a leather armour (moderately wounded, chance to defeat MR: 73%)
The tengu warrior struggles to resist.
You feel somewhat more hungry.
The tengu warrior hits you from afar with a halberd!
You die...

#.>. .. #... .# #..# ..#
# ##..# ..##. #.
..........
.##.##..#...##≈#...
#................≈#...
#........@# ..≈#...
#..#####..# ...≈#.# #..#
#.Q# ####..≈#(# #..#
#..###....≈#.(.# #..#
#....).....≈#...
####..#####g.###..(.(.≈#
#............#
#......#≈#
#####.#.........##
#.##...#
#................# #.#
...#


You could see a tengu warrior and a boggart.

Vanquished Creatures
  A fire giant (D:12)
  Erolcha (D:11)
  Josephine (D:13)
  A hydra (D:13)
  A catoblepas (Lair:6)
  A death knight (D:12)
  2 centaur warriors
  3 death yaks
  A skeletal warrior (D:12)
  2 unseen horrors
  4 hill giants
  2 cyclopes
  2 manticores
  3 elephants (Lair:6)
  3 black mambas
  A torpor snail (Lair:3)
  2 gargoyles
  10 spiny frogs
  2 yaktaurs (D:13)
  A rime drake (Lair:6)
  2 freezing wraiths (D:12)
  6 komodo dragons
  A jumping spider (Lair:4)
  3 blink frogs (Lair:6)
  A slime creature (D:12)
  A raiju (shapeshifter) (D:13)
  9 hippogriffs
  4 dream sheep
  A shadow (D:13)
  4 wraiths
  2 wyverns
  2 hungry ghosts
  2 basilisks
  13 yaks
  2 vampires (D:13)
  A soldier ant (D:13)
  12 porcupines
  6 water moccasins
  6 orc warriors
  A black bear (D:12)
  2 wasps
  An ice beast (D:7)
  3 sky beasts
  4 wolves
  5 ogres
  5 phantoms
  2 centaurs
  8 crocodiles
  6 big kobolds
  16 bullfrogs
  A wyvern zombie (D:13)
  A scorpion (shapeshifter) (D:12)
  2 scorpions
  A water moccasin skeleton (D:7)
  7 killer bees
  3 howler monkeys
  8 wights
  6 crimson imps
  3 bullfrog zombies (D:10)
  A quasit (D:7)
  8 hounds
  7 orc priests
  2 centaur skeletons
  2 gnoll shamans
  A bullfrog skeleton (D:12)
  6 orc wizards
  6 iguanas
  10 hell rats
  16 worker ants
  2 hound skeletons
  A mummy (D:4)
  A worker ant zombie (D:6)
  Robin (D:4)
  11 gnolls
  8 adders
  52 river rats
  3 shadow imps
  2 oozes
  An adder zombie (D:5)
  An adder skeleton (D:5)
  5 worms
  4 leopard geckos
  41 orcs
  4 ball pythons
  7 bats
  5 giant cockroaches
  23 goblins
  9 hobgoblins
  14 jackals
  5 quokkas
  2 frilled lizards (D:1)
  21 kobolds
  2 leopard gecko zombies
  2 quokka skeletons
  9 rats
  3 fungi
  2 plants (Lair:6)
507 creatures vanquished.

Vanquished Creatures (collateral kills)
  Harold (D:11)
  Nergalle (D:11)
  A hill giant (D:12)
  A hungry ghost (D:12)
  A boggart (D:12)
  A killer bee (D:11)
  A hound (D:12)
  An orc (D:12)
8 creatures vanquished.

Vanquished Creatures (others)
  A yaktaur captain (D:13)
  4 hydras
  A death yak (Lair:2)
  A manticore (Lair:6)
  14 elephants
  A gargoyle (D:8)
  3 komodo dragons
  2 spiny frogs
  4 dream sheep (Lair:6)
  2 hippogriffs
  Sigmund (D:6)
  4 yaks
  A hungry ghost (D:7)
  A mottled dragon (Lair:3)
  2 water moccasins (Lair:6)
  A porcupine (Lair:3)
  An orc warrior (D:10)
  A necrophage (D:11)
  A sky beast (D:8)
  An ice beast (D:11)
  2 ogres
  3 crocodiles
  3 bullfrogs
  4 wights (D:6)
  A howler monkey (D:9)
  2 crimson imps
  A jelly (D:6)
  An iguana (D:8)
  2 worker ants
  A hell rat (Lair:6)
  An adder (D:10)
  6 river rats
  A shadow imp (D:6)
  2 leopard geckos (D:6)
  An orc (D:12)
  A giant cockroach (D:6)
  13 fungi
  8 plants
  4 starspawn tentacles (D:6)
104 creatures vanquished.

Grand Total: 619 creatures vanquished

Notes
Turn   | Place    | Note
-------+----------+-------------------------------------------
     0 | Abyss:1  | Lochraine the Formicid Abyssal Knight began the quest for the Orb.
     0 | Abyss:1  | Reached XP level 1. HP: 18/18 MP: 2/2
    71 | Abyss:3  | Noticed a frost giant skeleton
    77 | Abyss:3  | Noticed a raiju
    77 | Abyss:3  | Noticed a raiju
    77 | Abyss:3  | Noticed a raiju
    79 | Abyss:3  | Noticed a raiju
    83 | Abyss:3  | Noticed a komodo dragon
    91 | D:1      | Escaped the Abyss
   399 | D:1      | Reached skill level 3 in Axes
   399 | D:1      | Reached XP level 2. HP: 24/24 MP: 3/3
   558 | D:1      | Reached * piety under Lugonu
   558 | D:1      | Reached XP level 3. HP: 26/29 MP: 4/4
  1107 | D:2      | Reached skill level 4 in Axes
  1107 | D:2      | Reached XP level 4. HP: 27/35 MP: 5/5
  1137 | D:2      | Found a glowing golden altar of the Shining One.
  1175 | D:2      | Reached ** piety under Lugonu
  1489 | D:2      | Found a faded altar of an unknown god.
  1729 | D:2      | Upgraded the game from 0.19-a0-1670-gc28a5d9 to 0.19-a0-1672-g679cadd
  1994 | D:2      | Reached XP level 5. HP: 18/41 MP: 2/6
  2768 | D:3      | Found a stormy altar of Qazlal.
  2870 | D:3      | Reached XP level 6. HP: 47/47 MP: 7/7
  3062 | D:3      | Reached skill level 1 in Dodging
  3517 | D:4      | Found a staircase to the Ecumenical Temple.
  3571 | D:4      | Reached *** piety under Lugonu
  3847 | D:4      | Reached XP level 7. HP: 48/52 MP: 8/8
  4307 | D:4      | Noticed Robin
  4336 | D:4      | Killed Robin
  4412 | D:4      | Found a snail-covered altar of Cheibriados.
  4486 | D:5      | Entered Level 5 of the Dungeon
  4627 | D:5      | Noticed a hungry ghost
  4652 | D:5      | Killed a hungry ghost
  4652 | D:5      | Reached XP level 8. HP: 55/58 MP: 8/11
  4707 | D:5      | Reached skill level 5 in Invocations
  5167 | D:6      | Noticed Sigmund
  5252 | D:5      | Reached **** piety under Lugonu
  5530 | D:6      | Found an iron altar of Okawaru.
  5685 | D:6      | Reached skill level 5 in Armour
  5708 | D:6      | Reached XP level 9. HP: 38/64 MP: 14/14
  5723 | D:6      | Corrupted D:6
  5723 | D:6      | Noticed a vampire mage
  5723 | D:6      | Noticed a thrashing horror
  5723 | D:6      | Noticed a tentacled starspawn
  5723 | D:6      | Noticed a raiju
  5723 | D:6      | Noticed a smoke demon
  5723 | D:6      | Noticed a thrashing horror
  5723 | D:6      | Noticed a large abomination
  5723 | D:6      | Noticed a freezing wraith
  5723 | D:6      | Noticed a sixfirhy
  5723 | D:6      | Noticed a thrashing horror
  5723 | D:6      | Noticed a thrashing horror
  5723 | D:6      | Noticed a large abomination
  5723 | D:6      | Noticed a starcursed mass
  5723 | D:6      | Noticed a shining eye
  5723 | D:6      | Noticed a raiju
  5723 | D:6      | Noticed a thrashing horror
  5723 | D:6      | Noticed an orange demon
  5725 | D:6      | Noticed a tentacled starspawn
  5725 | D:6      | Noticed a flayed ghost
  5726 | D:6      | Killed Sigmund
  5727 | D:6      | Noticed a rust devil
  5728 | D:6      | Noticed a hill giant
  5728 | D:6      | a glowing shapeshifter changed into a hill giant
  5729 | D:6      | Noticed a glowing shapeshifter
  5729 | D:6      | a hill giant changed into a glowing shapeshifter
  5730 | D:6      | Noticed a thrashing horror
  5730 | D:6      | Noticed a large abomination
  5730 | D:6      | Noticed a death drake
  5730 | D:6      | a glowing shapeshifter changed into a death drake
  5731 | D:6      | Noticed a merfolk
  5731 | D:6      | a death drake changed into a merfolk
  5732 | D:6      | Noticed a hill giant
  5732 | D:6      | a merfolk changed into a hill giant
  5733 | D:6      | Noticed a tyrant leech
  5733 | D:6      | a hill giant changed into a tyrant leech
  5737 | D:6      | Noticed a hell hog
  5737 | D:6      | a tyrant leech changed into a hell hog
  5738 | D:6      | Noticed a rust devil
  5738 | D:6      | Noticed a glowing orange brain
  5738 | D:6      | a hell hog changed into a glowing orange brain
  5740 | D:6      | Noticed a large abomination
  5741 | D:6      | Noticed a water nymph
  5741 | D:6      | a glowing orange brain changed into a water nymph
  5742 | D:6      | Noticed a hell hog
  5742 | D:6      | a water nymph changed into a hell hog
  5743 | D:6      | Noticed a tyrant leech
  5743 | D:6      | a hell hog changed into a tyrant leech
  5745 | D:6      | Noticed a smoke demon
  5750 | D:6      | Noticed a rakshasa
  5786 | D:6      | Noticed a fire dragon
  5789 | D:6      | Noticed a raiju
  5789 | D:6      | Noticed a spark wasp
  5789 | D:6      | a fire dragon changed into a spark wasp
  5793 | D:6      | Noticed an entropy weaver
  5793 | D:6      | a spark wasp changed into an entropy weaver
  6734 | D:7      | Reached skill level 5 in Axes
  6805 | D:7      | Reached skill level 6 in Axes
  7086 | D:7      | Reached skill level 7 in Axes
  7344 | D:8      | Reached skill level 8 in Axes
  7389 | D:8      | Noticed a six-headed hydra
  7397 | D:8      | Banished a six-headed hydra
  7397 | D:8      | Reached XP level 10. HP: 70/70 MP: 10/15
  7410 | D:8      | Reached skill level 9 in Axes
  7524 | D:8      | Reached skill level 10 in Axes
  7560 | D:8      | Noticed a three-headed hydra
  7569 | D:8      | Banished a four-headed hydra
  7589 | D:8      | Reached skill level 11 in Axes
  7685 | D:8      | Noticed a gargoyle
  7713 | D:8      | Banished a gargoyle
  8082 | D:8      | Noticed a hill giant
  8097 | D:8      | Killed a hill giant
  8141 | D:7      | Reached skill level 12 in Axes
  8365 | D:8      | Reached XP level 11. HP: 75/75 MP: 16/16
  8858 | D:9      | Found a radiant altar of Vehumet.
  9052 | D:9      | Noticed a hand axe
  9052 | D:9      | Noticed a hand axe
  9053 | D:9      | Found a hide-covered altar of Uskayaw.
  9075 | D:9      | Found Burphag's Antique Armour Shop.
  9100 | D:9      | Bought an ancient shield for 275 gold pieces
  9107 | D:9      | Identified the +0 shield "Dosashr Taps" {rPois Str+3} (You bought it in a shop on level 9 of the Dungeon)
  9113 | D:9      | Bought a pitted scale mail for 261 gold pieces
  9113 | D:9      | Identified the +2 scale mail of Jup San {Dex+2} (You bought it in a shop on level 9 of the Dungeon)
  9277 | D:9      | Found a staircase to the Lair.
  9328 | D:9      | Reached skill level 1 in Shields
  9473 | Lair:1   | Entered Level 1 of the Lair of Beasts
  9740 | Lair:1   | Reached skill level 5 in Shields
 10435 | Lair:2   | Reached ***** piety under Lugonu
 10601 | Lair:2   | Noticed an elephant
 10601 | Lair:2   | Noticed an elephant
 10603 | Lair:2   | Noticed an elephant
 10604 | Lair:2   | Noticed an elephant
 10614 | Lair:2   | Banished an elephant
 10650 | Lair:2   | Noticed a seven-headed hydra
 10654 | Lair:2   | Banished a seven-headed hydra
 10860 | Lair:2   | Noticed a death yak
 10861 | Lair:2   | Noticed a death yak
 10875 | Lair:2   | Noticed a death yak
 10875 | Lair:2   | Noticed a death yak
 10882 | Lair:2   | Banished a death yak
 10882 | Lair:2   | Reached skill level 5 in Fighting
 11370 | Lair:2   | Found a staircase to the Shoals.
 11371 | Lair:2   | Noticed a manticore
 11663 | Lair:2   | Killed a manticore
 11663 | Lair:2   | Reached XP level 12. HP: 82/88 MP: 17/17
 12010 | Lair:3   | Noticed Sonja
 12024 | Lair:3   | Noticed Sonja
 12024 | Lair:3   | Sonja changed into Sonja the mottled dragon
 12029 | Lair:3   | Banished Sonja the mottled dragon
 12075 | Lair:3   | Noticed a death yak
 12101 | Lair:3   | Killed a death yak
 12678 | Lair:3   | Upgraded the game from 0.19-a0-1672-g679cadd to 0.19-a0-1676-g39ae8cc
 13059 | Lair:4   | Found a hole to the Spider Nest.
 13280 | Lair:4   | Noticed a seven-headed hydra
 13294 | Lair:4   | Banished a seven-headed hydra
 13375 | Lair:4   | Noticed an eight-headed hydra
 13378 | Lair:4   | Banished an eight-headed hydra
 13858 | Lair:5   | Reached skill level 5 in Evocations
 14879 | Lair:6   | Entered Level 6 of the Lair of Beasts
 14928 | Lair:6   | Corrupted Lair:6
 14928 | Lair:6   | Noticed a starcursed mass
 14928 | Lair:6   | Noticed a hell hog
 14928 | Lair:6   | Noticed a lorocyproca
 14928 | Lair:6   | Noticed a glowing orange brain
 14930 | Lair:6   | Noticed a large abomination
 14933 | Lair:6   | Noticed an unseen horror
 15014 | Lair:6   | Reached XP level 13. HP: 61/98 MP: 12/19
 15181 | Lair:6   | Noticed Snorg
 15828 | Lair:6   | Banished Snorg
 15861 | Lair:6   | Found a viscous altar of Jiyva.
 15862 | Lair:6   | Found a staircase to the Slime Pits.
 16036 | Lair:6   | Reached skill level 10 in Armour
 16084 | Lair:6   | Noticed a catoblepas
 16737 | Lair:6   | Killed a catoblepas
 16912 | Lair:6   | Noticed a five-headed hydra
 16912 | Lair:6   | Banished a five-headed hydra
 17038 | Lair:6   | Got an ebony long sword
 17254 | D:9      | Identified the cursed +0 long sword of the Seven Runes {elec, rElec} (You found it on level 6 of the Lair of Beasts)
 17274 | D:10     | Entered Level 10 of the Dungeon
 17610 | D:10     | Reached skill level 13 in Axes
 17875 | D:10     | Found a staircase to the Orcish Mines.
 18067 | D:10     | Learned a level 1 spell: Animate Skeleton
 18092 | D:11     | Reached skill level 1 in Spellcasting
 18092 | D:11     | Reached skill level 1 in Necromancy
 18798 | D:11     | Reached XP level 14. HP: 57/105 MP: 20/20
 18856 | D:11     | Noticed Nergalle
 18856 | D:11     | Noticed Harold
 18895 | D:11     | Killed Harold
 18898 | D:11     | Killed Nergalle
 18899 | D:11     | Noticed Erolcha
 18906 | D:11     | Killed Erolcha
 19168 | D:12     | Reached skill level 5 in Dodging
 19592 | D:12     | Noticed a fire giant
 19856 | D:12     | Killed a fire giant
 20887 | D:13     | Found a gate to the Vaults.
 20915 | D:13     | Noticed Josephine
 20916 | D:13     | Reached skill level 1 in Crossbows
 20925 | D:13     | Killed Josephine
 20929 | D:13     | Reached ****** piety under Lugonu
 21342 | Abyss:1  | Found an ancient bone altar of Kikubaaqudgha.
 21352 | Abyss:1  | Noticed a red very ugly thing
 21357 | Abyss:1  | Noticed a red very ugly thing
 21373 | D:13     | Escaped the Abyss
 21375 | D:13     | HP: 2/73 [tengu warrior/halberd[a tengu conjurer] (4)]
 21381 | D:13     | Slain by a tengu warrior

Vault maps used:
D:1:      dpeg_arrival_shelter, minmay_pentomino_w2
D:2:      tso_metal_star, ecumenical_altar_1, minmay_stone_trees_small
D:3:      grunt_qazlal_clouds
D:4:      first_bread, chei_slow_surprise, uniq_robin
D:5:      serial_curves, eino_curves_01, eino_curves_04
D:6:      okawaru_gym_becter, portal_sewer_entry_f, uniq_sigmund
D:8:      hangedman_ranch, small_statue_intersection,
          hangedman_decor_clover_reticule
D:9:      vehumet_crystals, dancing_weapons_uskayaw, lair_0_dummy, serial_shops,
          shop
D:10:     david_orc_3
D:11:     uniq_nergalle, uniq_erolcha, uniq_harold
D:12:     kennysheep_green_arena
D:13:     david_vaults_2, nicolae_water_bricks, uniq_josephine
Lair:1:   grunt_forest_small_clearings, st_stairs_5
Lair:2:   minmay_shoals_entry_beasts
Lair:3:   beast_lair_carwin_2, grunt_megastairs_5, bh_autumn_forest_stairs,
          uniq_sonja
Lair:4:   spider_nest_entry_a, serial_bayou_pond_b, lemuel_fruit_fields,
          lemuel_fruit_fields
Lair:6:   hangedman_lair_in_review, dpeg_slime_entry_enclosed_altar,
          infiniplex_staircase_pool_2, uniq_snorg
Abyss:3:  evilmike_abyss_exit_6

Skill      XL: |  1  2  3  4  5  6  7  8  9 10 11 12 13 14 |
---------------+-------------------------------------------+-----
Axes           | 3 4 8 12 13 | 13.3
Armour         | 3 4 5 6 11 | 11.5
Dodging        | 3 4 8 |  8.2
Invocations    | 4 7 9 |  9.6
Fighting       | 6 8 |  8.3
Shields        | 9 |  9.1
Evocations     | 6 |  6.6
Spellcasting   | 2 |  2.1
Necromancy     | 3 4 |  4.6
Crossbows      | 4 |  4.5

Action                   |  1- 3 |  4- 6 |  7- 9 | 10-12 | 13-15 || total
-------------------------+-------+-------+-------+-------+-------++-------
Melee: Hand axe          |   109 |   144 |       |       |       ||   253
       Spear             |       |    65 |   258 |       |       ||   323
       Long sword        |       |       |     4 |       |       ||     4
       Battleaxe         |       |       |   169 |   629 |   627 ||  1425
 Fire: Arbalest          |       |       |       |       |    18 ||    18
Throw: Stone             |       |     2 |     5 |    11 |       ||    18
 Cast: Animate Skeleton  |       |       |       |       |     6 ||     6
Invok: Depart the Abyss  |     1 |       |       |       |     1 ||     2
       Bend Space        |       |     3 |     1 |     1 |       ||     5
       Banish            |       |       |     2 |    11 |     2 ||    15
       Corrupt           |       |       |     1 |     1 |       ||     2
       Enter the Abyss   |       |       |       |       |     1 ||     1
 Abil: Dig               |       |       |       |     1 |     4 ||     5
Evoke: Wand              |       |     6 |     6 |     8 |    23 ||    43
       Phial of floods   |       |       |       |       |     3 ||     3
  Use: Potion            |       |     2 |       |     6 |    11 ||    19
       Scroll            |       |     1 |     4 |    18 |    15 ||    38
 Stab: Distracted        |       |       |       |       |     1 ||     1
       Fleeing           |       |       |       |       |     1 ||     1
       Invisible         |       |       |       |       |     1 ||     1
  Eat: Chunk             |     1 |     9 |    12 |    18 |    16 ||    56
       Meat ration       |       |       |     1 |       |       ||     1
       Fruit             |       |       |     2 |       |       ||     2
       Pizza             |       |       |     1 |       |     3 ||     4
       Bread ration      |       |       |       |     2 |       ||     2
       Royal jelly       |       |       |       |     1 |       ||     1
       Beef jerky        |       |       |       |     1 |       ||     1
Armor: Leather armour    |    46 |       |       |       |       ||    46
       Ring mail         |       |    57 |    84 |    28 |       ||   169
       Plate armour      |       |       |   147 |    80 |    89 ||   316
       Scale mail        |       |       |       |    53 |    17 ||    70
       Skin              |       |       |       |       |     6 ||     6
       Swamp dragon armo |       |       |       |       |    34 ||    34
Dodge: Dodged            |    92 |    87 |   246 |   405 |   303 ||  1133
Block: Shield            |       |       |       |   208 |   337 ||   545
